 Dungeon Crawl Stone Soup version 0.30-a0-55-g90e3122c3a (webtiles) character file.

Game seed: 15389621421862863905

8090 Decritt the Fighter (level 11, -4/74 HPs)
             Began as a Gargoyle Fighter on Sept 10, 2022.
             Was an Initiate of Ru.
             Slain by an earth elemental (22 damage)
             ... summoned by a deep elf elementalist
             ... on level 1 of the Abyss.
             The game lasted 00:29:07 (12691 turns).

Decritt the Fighter (Gargoyle Fighter)             Turns: 12691, Time: 00:29:08

Health: -4/74      AC: 35    Str: 34    XL:     11   Next: 25%
Magic:  11/11      EV:  8    Int:  8    God:    Ru [......]
Gold:   456        SH: 10    Dex:  9    Spells: 10/10 levels left

rFire   . . .      SeeInvis .    o - +0 morningstar (elec)
rCold   . . .      Faith    .    c - +0 buckler
rNeg    + . .      Spirit   .    D - +0 plate armour
rPois   ∞          Reflect  +    B - +1 helmet
rElec   +          Harm     .    x - +1 cloak {rPois}
rCorr   .          Rampage  .    j - +1 pair of gloves {Str+3}
Will    .....                    s - +0 pair of boots
Stlth   ..........               C - amulet of reflection
HPRegen 0.22/turn                f - +4 ring of protection
MPRegen 0.12/turn                u - +6 ring of strength

@: no status effects
A: sickness immunity, AC +8, negative energy resistance 1, screaming 1,
electricity resistance, torment resistance 1, petrification resistance
a: Renounce Religion


You were on level 1 of the Abyss.
You worshipped Ru.
Ru was noncommittal.
You visited 2 branches of the dungeon, and saw 12 of its levels.
You visited the Abyss 1 time.

You collected 731 gold pieces.
You spent 275 gold pieces at shops.

Inventory:

Hand Weapons
 o - a +0 morningstar of electrocution (weapon)
Missiles
 e - 8 boomerangs (quivered)
 w - a throwing net
Armour
 c - a +0 buckler (worn)
 j - a +1 pair of gloves of strength (worn)
 m - a +0 chain mail
 s - a +0 pair of boots (worn)
 x - a +1 cloak of poison resistance (worn)
 B - a +1 helmet (worn)
 D - a +0 plate armour (worn)
Jewellery
 b - a ring of resist corrosion
 f - a +4 ring of protection (left hand)
 h - a +6 ring of intelligence
 u - a +6 ring of strength (right hand)
 C - an amulet of reflection (around neck)
Wands
 i - a wand of flame (51)
 n - a wand of roots (22)
 t - a wand of mindburst (9)
 z - a wand of charming (5)
Scrolls
 l - 8 scrolls of teleportation
 p - 2 scrolls of immolation
 q - a scroll of poison {unknown}
 r - a scroll of silence {unknown}
Potions
 a - a potion of cancellation
 d - 2 potions of might
 g - 5 potions of curing
 k - 3 potions of mutation
 v - a potion of attraction


   Skills:
 * Level 11.3 Fighting
 + Level 10.2 Maces & Flails
 + Level 1.1 Throwing
 * Level 10.2 Armour
 - Level 6.0 Shields


You had 10 spell levels left.
You didn't know any spells.
Your spell library contained the following spells:

 Spells                   Type           Power      Damage    Failure   Level
 Foxfire                  Conj/Fire      0%         2x1d4     97%         1
 Magic Dart               Conj           0%         1d3       97%         1
 Necrotise                Necr           0%         1d4       97%         1
 Shock                    Conj/Air       0%         1d3       97%         1
 Call Imp                 Summ           0%         N/A       99%         2
 Ensorcelled Hibernation  Hex/Ice        0%         N/A       99%         2
 Conjure Flame            Conj/Fire      0%         6-21      100%        3
 Inner Flame              Hex/Fire       0%         N/A       100%        3
 Mephitic Cloud           Conj/Pois/Air  0%         N/A       100%        3
 Spider Form              Tmut/Pois      0%         N/A       100%        3
 Swiftness                Air            0%         N/A       100%        3
 Vampiric Draining        Necr           0%         2d6       100%        3
 Airstrike                Air            0%         2d(0-16)  100%        4
 Anguish                  Hex/Necr       0%         N/A       100%        4
 Flame Wave               Conj/Fire      0%         2d4       100%        4
 Agony                    Necr           0%         N/A       100%        5
 Malign Gateway           Summ/Tloc      0%         N/A       100%        7
 Summon Horrible Things   Summ           0%         N/A       100%        8


Dungeon Overview and Level Annotations

Branches:
Dungeon (11/15)            Temple (1/1) D:7             Orc (0/2) D:9
   Lair: D:8-11

Altars:
Ashenzari
Cheibriados
Dithmenos
Elyvilon
Fedhas
Gozag
Hepliaklqana
Kikubaaqudgha
Makhleb
Nemelex Xobeh
Okawaru
Qazlal
Ru
Sif Muna
Trog
Uskayaw
Vehumet
Wu Jian
Xom
Yredelemnul
Zin
The Shining One

Shops:
D:1 *   D:2 (   D:4 [   D:9 (

Portals:
Trove: D:10 (give 4 potions of resistance)

Annotations:
D:11 Sonja


Innate Abilities, Weirdness & Mutations

You are immune to sickness and miasma.
Your stone body is resilient. (AC +8)
You are immune to poison.
You resist negative energy. (rN+)
You occasionally shout uncontrollably at your foes.
You are resistant to electric shocks. (rElec)
You are resistant to unholy torment.
You are immune to petrification.


Message History

Sonja hits you but does no damage. Space warps horribly around you!!
* * * LOW HITPOINT WARNING * * *
You barely miss Sonja. Sonja closely misses you. You block Sonja's attack.
Sonja hits you but does no damage.
You are cast into the Abyss!
This branch contains the abyssal rune of Zot.
Found a gateway leading deeper into the Abyss.
A hell hound comes into view.
There is a gateway leading deeper into the Abyss here.
You enter the shallow water.
Moving in this stuff is going to be slow.
An ice devil comes into view.
A deep elf elementalist comes into view.
It is wielding a +0 long sword.
The deep elf elementalist shouts!
The deep elf elementalist gestures wildly while chanting.
The deep elf elementalist seems to speed up.
You feel a little less mighty now.
Unknown command.
The deep elf elementalist casts a spell at thin air.
Some walls begin to move on their own!
The deep elf elementalist gestures next to you while chanting.
You hear rumbling.
You hear a bark!
A hell hound comes into view.
Some walls begin to move on their own!
You hear a shout!
You hear a bellow!
You hear a roar!
The deep elf elementalist casts a spell at you.
Some walls begin to move on their own!
The deep elf elementalist gestures at you while chanting.
Some walls begin to move on their own!
You hear an angry squeal.
You hit the earth elemental but do no damage.
The hell hound splashes around in the water.
The deep elf elementalist points next to you and mumbles some strange words.
You hear rumbling.
The hell hound breathes flames at you. The blast of flame hits you!
* * * LOW HITPOINT WARNING * * *
The earth elemental hits you!!
You die...

....##.##...##..#
..
#~.....#e#..#...
..~~..#E4~#######.
~≈~~.#~..E#.....#
#
.~~~~.#≈EE~~.~~..
.##~~.#~#..≈~~...
#.~..#~#.#~~.#.#
.#.....Eh~#~~~.#
....##@E#.~~≈.# #
#.#..~~...
.####E~.## #.
..... .. ..## .#.
..# .#.. #. ..


You could see a deep elf elementalist (fast, repels missiles), 6 earth
elementals and a hell hound (catching breath).

Vanquished Creatures
  Pikel (D:5)
  2 trolls (D:10)
  3 hornets
  Prince Ribbit (D:8)
  Sigmund (D:5)
  A shadow (D:9)
  A wyvern (D:10)
  10 yaks
  A steam dragon (D:7)
  An acid dragon (D:9)
  Edmund (D:4)
  Duvessa (D:6)
  A water moccasin (D:7)
  4 orc warriors
  A black bear (D:4)
  An ice beast (D:5)
  2 centaurs (D:7)
  3 ogres
  A lemure (D:4)
  A kobold brigand (D:7)
  2 bullfrogs
  A necrophage (D:6)
  3 scorpions
  13 wights
  Dowan (D:6)
  16 killer bees
  4 howler monkeys
  2 electric eels (D:8)
  2 hounds (D:7)
  Crazy Yiuf (D:4)
  A jelly (D:8)
  5 orc priests
  2 iguanas
  Terence (D:3)
  8 orc wizards
  12 gnolls
  9 adders
  A shadow imp (D:7)
  A white imp (D:6)
  2 dart slugs
  49 orcs
  8 ball pythons
  7 bats
  4 endoplasms
  2 giant cockroaches
  4 goblins
  9 hobgoblins
  5 jackals
  8 kobolds
  8 quokkas
  2 frilled lizards (D:2)
  4 rats
235 creatures vanquished.

Vanquished Creatures (others)
  2 plants (D:3)
2 creatures vanquished.

Grand Total: 237 creatures vanquished

Notes
Turn   | Place    | Note
-------+----------+-------------------------------------------
     0 | D:1      | Decritt the Gargoyle Fighter began the quest for the Orb.
     0 | D:1      | Reached XP level 1. HP: 14/14 MP: 1/1
    91 | D:1      | Reached XP level 2. HP: 6/19 MP: 2/2
   592 | D:1      | Reached XP level 3. HP: 24/24 MP: 3/3
   647 | D:1      | Found Piygor's Assorted Antiques.
  1091 | D:2      | Reached skill level 4 in Fighting
  1111 | D:2      | Identified the +1 robe of Byifoud {+Blink rC+++ Int+4
                  | Dex-4}
  1248 | D:2      | Found Jajaonem's Weapon Boutique.
  1462 | D:3      | Noticed Terence
  1577 | D:2      | Reached XP level 4. HP: 23/29 MP: 4/4
  1830 | D:3      | Killed Terence
  2008 | D:3      | Found a faded altar of an unknown god.
  2027 | D:3      | Reached XP level 5. HP: 8/34 MP: 5/5
  2580 | D:4      | Identified the +0 leather armour "Ebuzoes" {rCorr}
  2774 | D:4      | Found a blossoming altar of Fedhas.
  2897 | D:4      | Reached skill level 5 in Fighting
  2966 | D:4      | Noticed an ogre
  2969 | D:4      | Killed an ogre
  2970 | D:4      | Reached skill level 5 in Armour
  2970 | D:4      | Reached XP level 6. HP: 40/40 MP: 6/6
  2976 | D:4      | Noticed a black bear
  2985 | D:4      | Killed a black bear
  2989 | D:4      | Found Vobrex's Armour Shop.
  3113 | D:4      | Reached XP level 7. HP: 12/45 MP: 7/7
  3609 | D:4      | Found a runed translucent door.
  3610 | D:4      | Noticed Crazy Yiuf
  3624 | D:4      | Killed Crazy Yiuf
  3625 | D:4      | Reached skill level 6 in Fighting
  3850 | D:5      | Entered Level 5 of the Dungeon
  3872 | D:5      | Noticed Sigmund
  3890 | D:5      | Killed Sigmund
  4032 | D:5      | Found an opulent altar of Gozag.
  4370 | D:5      | Reached XP level 8. HP: 23/52 MP: 8/8
  4626 | D:5      | Reached skill level 7 in Fighting
  5175 | D:5      | Noticed Edmund
  5178 | D:5      | Noticed Pikel
  5404 | D:4      | Killed Edmund
  5679 | D:5      | Killed Pikel
  5680 | D:5      | Reached skill level 5 in Maces & Flails
  5965 | D:5      | Reached XP level 9. HP: 59/59 MP: 9/9
  5995 | D:5      | Reached skill level 8 in Fighting
  6108 | D:6      | Noticed Duvessa
  6109 | D:6      | Noticed Dowan
  6118 | D:6      | Killed Duvessa
  6139 | D:6      | Killed Dowan
  6142 | D:6      | Reached skill level 5 in Shields
  6149 | D:6      | Found a broken altar of Ashenzari.
  7481 | D:7      | Found a staircase to the Ecumenical Temple.
  7542 | Temple   | Entered the Ecumenical Temple
  7733 | Temple   | Became a worshipper of Ru the Awakened
  8021 | D:1      | Bought a runed helmet for 217 gold pieces
  8021 | D:1      | Bought a scroll of identify for 58 gold pieces
  9153 | D:8      | Noticed Prince Ribbit
  9180 | D:8      | Killed Prince Ribbit
  9181 | D:8      | Reached XP level 10. HP: 65/65 MP: 10/10
  9213 | D:8      | Reached skill level 9 in Fighting
  9404 | D:8      | Gained mutation: You occasionally shout uncontrollably at
                  | your foes. [Ru sacrifice]
 10157 | D:9      | Found Poc Exen's Antique Weapon Shoppe.
 10210 | D:9      | Reached skill level 10 in Fighting
 10328 | D:9      | Found a staircase to the Orcish Mines.
 11414 | D:10     | Entered Level 10 of the Dungeon
 11501 | D:10     | Reached XP level 11. HP: 71/73 MP: 11/11
 11545 | D:10     | Reached skill level 11 in Fighting
 11804 | D:10     | Reached skill level 10 in Maces & Flails
 11807 | D:10     | Reached skill level 10 in Armour
 12130 | D:10     | Found a portal to a secret trove of treasure.
 12267 | D:10     | Reached skill level 1 in Throwing
 12621 | D:11     | Noticed Sonja
 12629 | Abyss:1  | Cast into level 1 of the Abyss (Sonja)
 12676 | Abyss:1  | Noticed a deep elf elementalist
 12691 | Abyss:1  | Slain by an earth elemental

Illustrated notes

Levels and vault maps discovered:
D:1:      ncdulo_wetmaze, layout_basic, serial_shops, shop
D:2:      layout_rooms, serial_shops, shop
D:3:      layout_rooms, hellmonk_ecumenical_altar_lost_god, kennysheep_boxes,
          uniq_terence
D:4:      layout_loops_cross, old_standard_altar, serial_shops,
          nicolae_shop_trees, minmay_diced_spiral, uniq_crazy_yiuf_cottage
D:5:      layout_basic, mainiacjoe_overflow_boulevard, kennysheep_flooded_box,
          hex_tiny, uniq_pikel, uniq_sigmund, uniq_edmund
D:6:      layout_rooms, ashenzari_conservatory_becter, roderic_roman_lattice,
          uniq_duvessa
D:7:      layout_basic, temple_hall, small_statue_intersection,
          chequers_serial_rivers_micro_d
D:8:      layout_basic, kennysheep_generic_room_2, uniq_prince_ribbit1
D:9:      layout_loops_ring, david_orc_3, serial_shops, shop, solitary_fountain
D:10:     layout_loops_ring, enter_trove_6, minmay_liquid_box
D:11:     layout_cave_pools, david_lair_shrubbed, serial_shops,
          nicolae_stop_n_shop_2, ebering_ghost_funeral_grove,
          dreamdust_mushroom_princess, uniq_sonja, uniq_fannar
Temple:   nicolae_temple_bog_church
Abyss:1:  base:
D:9

Skill      XL: |  1  2  3  4  5  6  7  8  9 10 11 |
---------------+----------------------------------+-----
Fighting       | 4 5 6 7 8 10 11 | 11.3
Armour         | 4 5 6 7 8 9 10 | 10.2
Maces & Flails | 3 4 5 7 9 10 | 10.2
Shields        | 4 6 |  6.0
Throwing       | 1 |  1.1

Action                   |  1- 3 |  4- 6 |  7- 9 | 10-12 || total
-------------------------+-------+-------+-------+-------++-------
Melee: Flail             |    75 |   123 |    26 |       ||   224
       Mace              |       |       |    58 |       ||    58
       Morningstar       |       |       |   256 |   333 ||   589
       Whip              |       |       |    27 |       ||    27
Throw: Boomerang         |    39 |    51 |    20 |    13 ||   123
Invok: Sacrifice Purity  |       |       |       |     1 ||     1
  Use: Scroll            |       |     5 |    15 |     1 ||    21
       Potion            |       |     2 |     1 |     5 ||     8
Armor: Scale mail        |    57 |       |       |       ||    57
       Chain mail        |    23 |   109 |   297 |   121 ||   550
       Plate armour      |       |       |       |   141 ||   141
Dodge: Dodged            |    53 |    67 |   156 |   103 ||   379
Block: Buckler           |    35 |    24 |    94 |   206 ||   359
       Reflection        |       |       |       |     1 ||     1

Table legend: (Time is in decaauts)
 A = Elapsed time spent in this place.
 B = Non-inter-level travel time spent in this place.
 C = Inter-level travel time spent in this place.
 D = Time resting spent in this place.
 E = Time spent auto-exploring this place.
 F = Levels seen in this place.
 G = Mean time per level.
                   A        B        C        D        E       F      G
               +--------+--------+--------+--------+--------+-----+--------+
         Total |  12932 |  12441 |    491 |   4154 |   5890 |  13 |  994.8 |
       Dungeon |  12648 |  12175 |    473 |   4154 |   5712 |  11 | 1149.8 |
        Temple |    220 |    203 |     17 |      0 |    178 |   1 |  220.0 |
         Abyss |     63 |     63 |      0 |      0 |      0 |   1 |   63.0 |
               +--------+--------+--------+--------+--------+-----+--------+

Top non-repeatable levels by time:
     D:5: 1834 daAuts
     D:4: 1820 daAuts
     D:8: 1425 daAuts
     D:9: 1359 daAuts
    D:10: 1212 daAuts
     D:6: 1191 daAuts
     D:7: 1033 daAuts
     D:1: 1025 daAuts
     D:2: 929 daAuts
     D:3: 809 daAuts
  Temple: 220 daAuts
 Abyss:1: 63 daAuts
    D:11: 7 daAuts
